[Event "2023 IBCA European Team Championship for the Blind and Visually Impaired"]
[Site "Genoa, Italy"]
[Date "2023.04.22"]
[Round "3"]
[White "Kostadinovski, Zoran"]
[Black "Gashi, Gani"]
[Result "1-0"]
[Time "15:00:00"]
[UTCTime "13:00:00"]
[UTCDate "2023.04.22"]
[Board "7.2"]
[WhiteTeam "North Macedonia"]
[BlackTeam "Kosovo"]
[WhiteCountry "MKD"]
[BlackCountry "KOS"]
[WhiteTitle "-"]
[BlackTitle "-"]
[WhiteElo "1907"]
[BlackElo "1741"]
[TimeControl "5400+30"]
[Opening "Caro-Kann"]
[Variation "advance variation"]
[ECO "B12"]
[PlyCount "85"]
[EventDate "2023.04.20"]
[EventType "team"]
[EventRounds "9"]
[EventCountry "ITA"]
[Annotator "Vrioni, Bersan"]

1. e4 c6 2. d4 d5 3. e5 Bf5 4. h4 h6 5. Bd3 Bxd3 6. Qxd3 e6 7. Nf3 Nd7 8. c3 Ne7
9. Nbd2 Qb6 10. a3 O-O-O 11. b4 Kb8 12. Nb3 Nf5 13. g4 Ne7 14. Bf4 a6 15. a4 Qc7
16. Bg3 Nb6 17. Nfd2 Ng6 18. Kf1 h5 19. g5 Ne7 20. Kg2 Nf5 21. Rhf1 Nxg3 22.
fxg3 g6 23. Rf2 Rh7 24. Rf3 Nc8 25. Raf1 Re8 26. Rf6 Nb6 27. a5 Nc8 28. R1f3 Re7
29. Nc5 Bg7 30. R6f4 Ka7 31. Qf1 Bh8 32. Ndb3 Kb8 33. Nc1 Na7 34. N1d3 Nb5 35.
Nb2 Na3 36. Nba4 Ka7 37. Nb6 Nb5 38. Qd3 Qd8 39. Nca4 Nc7 40. Nc5 Ne8 41. Qf1
Qc7 42. Ncd7 f5 43. gxf6 1-0

[Event "2023 IBCA European Team Championship for the Blind and Visually Impaired"]
[Site "Genoa, Italy"]
[Date "2023.04.22"]
[Round "3"]
[White "Ymeri, Rinor"]
[Black "Atanasovski, Blazhe"]
[Result "0-1"]
[Time "15:00:00"]
[UTCTime "13:00:00"]
[UTCDate "2023.04.22"]
[Board "7.3"]
[WhiteTeam "Kosovo"]
[BlackTeam "North Macedonia"]
[WhiteCountry "KOS"]
[BlackCountry "MKD"]
[WhiteTitle "-"]
[BlackTitle "-"]
[WhiteElo "1618"]
[BlackElo "1760"]
[TimeControl "5400+30"]
[Opening "Petrov three knights game"]
[ECO "C42"]
[PlyCount "73"]
[EventDate "2023.04.20"]
[EventType "team"]
[EventRounds "9"]
[EventCountry "ITA"]
[Annotator "Vrioni, Bersan"]

1. e4 e5 2. Nf3 Nf6 3. Nc3 Nc6 4. d4 exd4 5. Nxd4 Bb4 6. Bc4 O-O 7. O-O
Bxc3 8. bxc3 Nxe4 9. Qf3 Nf6 10. Bg5 Ne5 11. Qe2 Nxc4 12. Qxc4 c6 13. Rfe1
h6 14. Bh4 d5 15. Qd3 Qd6 16. Qd2 Ne4 17. Qe3 Qg6 18. Nf3 Be6 19. Nd2 Nxd2
20. Qxd2 Bf5 21. Re7 b6 22. Rc1 Be4 23. Bg3 b5 24. f3 Bf5 25. Qd4 a6 26. a4
Bxc2 27. axb5 axb5 28. Qc5 Rfe8 29. Rce1 Rxe7 30. Rxe7 Bd3 31. Qb6 Bc4 32.
Re1 Qd3 33. Qxc6 Ra2 34. Qe8+ Kh7 35. Bf2 Qxc3 36. Qxf7 Qc2 0-1

[Event "2023 IBCA European Team Championship for the Blind and Visually Impaired"]
[Site "Genoa, Italy"]
[Date "2023.04.22"]
[Round "3"]
[White "Arsov, Filip"]
[Black "Berisha, Xhafer"]
[Result "1-0"]
[Time "15:00:00"]
[UTCTime "13:00:00"]
[UTCDate "2023.04.22"]
[Board "7.4"]
[WhiteTeam "North Macedonia"]
[BlackTeam "Kosovo"]
[WhiteCountry "MKD"]
[BlackCountry "KOS"]
[WhiteTitle "-"]
[BlackTitle "-"]
[WhiteElo "1624"]
[BlackElo "1448"]
[TimeControl "5400+30"]
[Opening "Scandinavian (centre counter) defence"]
[ECO "B01"]
[PlyCount "58"]
[EventDate "2023.04.20"]
[EventType "team"]
[EventRounds "9"]
[EventCountry "ITA"]
[Annotator "Vrioni, Bersan"]

1. e4 d5 2. exd5 Qxd5 3. Nc3 Qd8 4. Bc4 Nf6 5. d4 g6 6. Nf3 Bg7 7. O-O Bf5 8.
Re1 O-O 9. Bf4 Bg4 10. h3 Bxf3 11. Qxf3 c6 12. Rad1 e6 13. Bg5 Nbd7 14. Ne4 h6
15. Bh4 Re8 16. Nd6 Rf8 17. Nxb7 Qb6 18. Nd6 Nd5 19. Bxd5 cxd5 20. Be7 Qxb2 21.
Bxf8 Rxf8 22. Qb3 Bxd4 23. Qxb2 Bxb2 24. Rb1 Ba3 25. Nb5 Bc5 26. Nxa7 Bxa7 27.
Rb7 Bxf2+ 28. Kxf2 Ne5 29. Rxe5 Rc8 1-0

[Event "2023 IBCA European Team Championship for the Blind and Visually Impaired"]
[Site "Genoa, Italy"]
[Date "2023.04.23"]
[Round "4"]
[White "Nizam, Rasim"]
[Black "Tazbir, Marcin"]
[Result "0-1"]
[Time "15:00:00"]
[UTCTime "13:00:00"]
[UTCDate "2023.04.23"]
[Board "2.1"]
[WhiteTeam "Bulgaria"]
[BlackTeam "Poland"]
[WhiteCountry "BUL"]
[BlackCountry "POL"]
[WhiteTitle "IM"]
[BlackTitle "GM"]
[WhiteElo "2176"]
[BlackElo "2503"]
[TimeControl "5400+30"]
[Opening "Caro-Kann"]
[Variation "advance variation"]
[ECO "B12"]
[PlyCount "99"]
[EventDate "2023.04.20"]
[EventType "team"]
[EventRounds "9"]
[EventCountry "ITA"]
[Annotator "Vrioni, Bersan"]

1. e4 c6 2. d4 d5 3. e5 Bf5 4. Nf3 e6 5. Be2 Nd7 6. O-O h6 7. a4 a5 8. Nbd2
Ne7 9. c4 dxc4 10. Nxc4 Nd5 11. Ne3 Nxe3 12. Bxe3 Be7 13. Bd3 Bg4 14. Be4
Nb6 15. h3 Bxf3 16. Qxf3 Nd5 17. Qg4 g6 18. Rac1 Qd7 19. Qf3 Rd8 20. Rfd1
Qc7 21. Qg4 Qb6 22. Qe2 Rd7 23. Qd2 Bb4 24. Qe2 Qd8 25. Bd2 Bxd2 26. Qxd2
Nb4 27. Rc3 Qh4 28. Qe3 O-O 29. Rc5 Rfd8 30. Kh2 b6 31. Rc4 c5 32. d5 exd5
33. e6 d4 34. Qf3 Re7 35. g3 Qg5 36. exf7+ Rxf7 37. Qe2 Kg7 38. Rcc1 Re7
39. f3 Nd5 40. h4 Qe5 41. Qd3 Ne3 42. Rd2 Rd6 43. Re1 Rf6 44. Rde2 Ref7 45.
Qb5 g5 46. hxg5 hxg5 47. Rxe3 dxe3 48. Rxe3 g4 49. f4 Rxf4 50. Qd3 0-1

[Event "2023 IBCA European Team Championship for the Blind and Visually Impaired"]
[Site "Genoa, Italy"]
[Date "2023.04.23"]
[Round "4"]
[White "Patev, Petko"]
[Black "Suder, Ryszard"]
[Result "1-0"]
[Time "15:00:00"]
[UTCTime "13:00:00"]
[UTCDate "2023.04.23"]
[Board "2.3"]
[WhiteTeam "Bulgaria"]
[BlackTeam "Poland"]
[WhiteCountry "BUL"]
[BlackCountry "POL"]
[WhiteTitle "-"]
[BlackTitle "-"]
[WhiteElo "1796"]
[BlackElo "2044"]
[TimeControl "5400+30"]
[Opening "Alekhine's defence"]
[ECO "B02"]
[PlyCount "53"]
[EventDate "2023.04.20"]
[EventType "team"]
[EventRounds "9"]
[EventCountry "ITA"]
[Annotator "Vrioni, Bersan"]

1. e4 Nf6 2. e5 Nd5 3. c4 Nb6 4. d4 d6 5. exd6 exd6 6. Nf3 Be7 7. Be2 O-O
8. O-O Bf6 9. Nc3 Nc6 10. Ne4 Be7 11. b3 d5 12. Nc3 Bg4 13. c5 Nc8 14. h3
Bh5 15. Bf4 a6 16. Ne5 Bxe2 17. Nxc6 Bxd1 18. Nxd8 Bxb3 19. Nxb7 Bc4 20.
Rfd1 c6 21. Na5 Na7 22. Na4 Bf6 23. Nb6 Rad8 24. Bc7 Rde8 25. Bd6 Be7 26.
Nd7 Bxd6 27. cxd6 1-0

[Event "2023 IBCA European Team Championship for the Blind and Visually Impaired"]
[Site "Genoa, Italy"]
[Date "2023.04.23"]
[Round "4"]
[White "Selkovski, Zarko"]
[Black "Streltsov, Alexey"]
[Result "0-1"]
[Time "15:00:00"]
[UTCTime "13:00:00"]
[UTCDate "2023.04.23"]
[Board "3.1"]
[WhiteTeam "North Macedonia"]
[BlackTeam "Israel"]
[WhiteCountry "MKD"]
[BlackCountry "ISR"]
[WhiteTitle "-"]
[BlackTitle "FM"]
[WhiteElo "1920"]
[BlackElo "2326"]
[TimeControl "5400+30"]
[Opening "Sicilian"]
[Variation "Taimanov variation"]
[ECO "B48"]
[PlyCount "56"]
[EventDate "2023.04.20"]
[EventType "team"]
[EventRounds "9"]
[EventCountry "ITA"]
[Annotator "Vrioni, Bersan"]

1. e4 c5 2. Nf3 e6 3. d4 cxd4 4. Nxd4 Nc6 5. Nc3 Qc7 6. Be3 a6 7. a4 Nf6 8. Bd3
Ne5 9. f4 Neg4 10. Qf3 Nxe3 11. Qxe3 Bc5 12. Nce2 e5 13. fxe5 Qxe5 14. c3 O-O
15. Qg3 Re8 16. Nf3 Qxg3+ 17. Nxg3 Nxe4 18. Bxe4 d5 19. O-O-O dxe4 20. Rhe1 f5
21. Nd4 g6 22. Nge2 Bd7 23. b3 Rac8 24. Kb2 Be6 25. Nxe6 Rxe6 26. b4 Bf8 27. Nd4
Rd6 28. a5 Bg7 0-1

[Event "2023 IBCA European Team Championship for the Blind and Visually Impaired"]
[Site "Genoa, Italy"]
[Date "2023.04.23"]
[Round "4"]
[White "Radovilsky, Yan"]
[Black "Kostadinovski, Zoran"]
[Result "1/2-1/2"]
[Time "15:00:00"]
[UTCTime "13:00:00"]
[UTCDate "2023.04.23"]
[Board "3.2"]
[WhiteTeam "Israel"]
[BlackTeam "North Macedonia"]
[WhiteCountry "ISR"]
[BlackCountry "MKD"]
[WhiteTitle "-"]
[BlackTitle "-"]
[WhiteElo "2014"]
[BlackElo "1907"]
[TimeControl "5400+30"]
[Opening "English"]
[Variation "Mikenas-Carls variation"]
[ECO "A18"]
[PlyCount "84"]
[EventDate "2023.04.20"]
[EventType "team"]
[EventRounds "9"]
[EventCountry "ITA"]
[Annotator "Vrioni, Bersan"]

1. c4 Nf6 2. Nc3 e6 3. e4 d6 4. d4 c5 5. d5 e5 6. Bd3 Be7 7. Nge2 a6 8. a3 Nh5
9. Be3 Bg5 10. Qd2 Bxe3 11. fxe3 O-O 12. O-O-O g6 13. h3 Ng7 14. g4 b6 15. Ng3
f6 16. Rdg1 Ra7 17. Be2 Ne8 18. h4 Rg7 19. h5 g5 20. h6 Rgf7 21. Rh2 Bd7 22.
Rhg2 Nc7 23. Rf2 b5 24. Rgf1 b4 25. Nb1 a5 26. Bd1 Ne8 27. Nh5 Qc8 28. Qe2 Qa6
29. a4 Qc8 30. b3 Na6 31. Ng7 Nxg7 32. hxg7 Kxg7 33. Rh2 Rh8 34. Rfh1 Qg8 35.
Rh6 Kf8 36. Qh2 Qg7 37. Nd2 Nc7 38. Nf1 Ne8 39. Ng3 Ke7 40. Qf2 Kd8 41. Nf5 Bxf5
42. Qxf5 Kc7 1/2-1/2

[Event "2023 IBCA European Team Championship for the Blind and Visually Impaired"]
[Site "Genoa, Italy"]
[Date "2023.04.23"]
[Round "4"]
[White "Atanasovski, Blazhe"]
[Black "Alon, Levi"]
[Result "0-1"]
[Time "15:00:00"]
[UTCTime "13:00:00"]
[UTCDate "2023.04.23"]
[Board "3.3"]
[WhiteTeam "North Macedonia"]
[BlackTeam "Israel"]
[WhiteCountry "MKD"]
[BlackCountry "ISR"]
[WhiteTitle "-"]
[BlackTitle "-"]
[WhiteElo "1760"]
[BlackElo "1668"]
[TimeControl "5400+30"]
[Opening "Pirc defence"]
[ECO "B07"]
[PlyCount "100"]
[EventDate "2023.04.20"]
[EventType "team"]
[EventRounds "9"]
[EventCountry "ITA"]
[Annotator "Vrioni, Bersan"]

1. e4 d6 2. d4 Nf6 3. Nc3 e5 4. d5 Be7 5. Nf3 O-O 6. Be2 Nbd7 7. O-O Nc5 8. Nd2
a5 9. b3 Nfd7 10. Bg4 Bg5 11. Nf3 Bxc1 12. Qxc1 Nxe4 13. Nxe4 f5 14. Nfg5 Nb6
15. Bf3 fxe4 16. Bxe4 h6 17. Nf3 Rf4 18. Qe3 Bf5 19. Bxf5 Rxf5 20. Qe4 Qf6 21.
c4 Nd7 22. Nd2 Nc5 23. Qe3 Rf8 24. f3 Rf4 25. g3 Qg6 26. Kh1 Rd4 27. Rf2 Qf5 28.
Kg2 Rd3 29. Qe2 Rc3 30. Rff1 Rc2 31. Rfc1 Rxc1 32. Rxc1 Qg6 33. Ne4 Nxe4 34.
Qxe4 Qg5 35. Rc2 Rf4 36. Qd3 Rd4 37. Qe2 h5 38. Kf2 h4 39. Qe3 hxg3+ 40. hxg3
Qh5 41. Ke2 Qh1 42. Rd2 Qh2+ 43. Kd1 Rxd2+ 44. Qxd2 Qxg3 45. Qxa5 Qxf3+ 46. Ke1
e4 47. Qxc7 e3 48. Qd8+ Kh7 49. Qh4+ Kg6 50. a4 Qg2 0-1

[Event "2023 IBCA European Team Championship for the Blind and Visually Impaired"]
[Site "Genoa, Italy"]
[Date "2023.04.23"]
[Round "4"]
[White "Eichstaedt, Mirko"]
[Black "Ursic, Aleksander"]
[Result "1-0"]
[Time "15:00:00"]
[UTCTime "13:00:00"]
[UTCDate "2023.04.23"]
[Board "4.1"]
[WhiteTeam "Germany"]
[BlackTeam "Slovenia"]
[WhiteCountry "GER"]
[BlackCountry "SLO"]
[WhiteTitle "CM"]
[BlackTitle "-"]
[WhiteElo "2241"]
[BlackElo "1834"]
[TimeControl "5400+30"]
[Opening "Reti opening"]
[ECO "A06"]
[PlyCount "83"]
[EventDate "2023.04.20"]
[EventType "team"]
[EventRounds "9"]
[EventCountry "ITA"]
[Annotator "Vrioni, Bersan"]

1. Nf3 d5 2. d4 Bf5 3. c4 e6 4. Nc3 c6 5. Qb3 Qb6 6. c5 Qxb3 7. axb3 Na6 8. e4
dxe4 9. Bxa6 Rb8 10. Ne5 f6 11. Bxb7 fxe5 12. Bxc6+ Kf7 13. Rxa7+ Kf6 14. dxe5+
Kxe5 15. Be3 Rxb3 16. Ne2 Rxe3 17. fxe3 Bxc5 18. Ra8 Bxe3 19. Rf1 h5 20. b4 g5
21. Kd1 h4 22. h3 Ne7 23. Rxh8 Nxc6 24. b5 Na5 25. Kc2 Nc4 26. Kc3 Nb6 27. Rd8
Nd5+ 28. Kb3 Bb6 29. Rb8 e3 30. Nc3 Bc7 31. Nxd5 Bxb8 32. Nxe3 Bd3 33. Nc4+ Kd4
34. Rd1 e5 35. Na5 Bc7 36. Nc6+ Ke3 37. Nb4 Be4 38. Nd5+ Ke2 39. Nc3+ Kf2 40.
Rd2+ Ke3 41. Re2+ Kd3 42. Rxe4 1-0

[Event "2023 IBCA European Team Championship for the Blind and Visually Impaired"]
[Site "Genoa, Italy"]
[Date "2023.04.23"]
[Round "4"]
[White "Znuderl, Matej"]
[Black "Schellmann, Frank"]
[Result "1/2-1/2"]
[Time "15:00:00"]
[UTCTime "13:00:00"]
[UTCDate "2023.04.23"]
[Board "4.2"]
[WhiteTeam "Slovenia"]
[BlackTeam "Germany"]
[WhiteCountry "SLO"]
[BlackCountry "GER"]
[WhiteTitle "-"]
[BlackTitle "CM"]
[WhiteElo "1838"]
[BlackElo "1936"]
[TimeControl "5400+30"]
[Opening "Reti"]
[Variation "King's Indian attack"]
[ECO "A05"]
[PlyCount "72"]
[EventDate "2023.04.20"]
[EventType "team"]
[EventRounds "9"]
[EventCountry "ITA"]
[Annotator "Vrioni, Bersan"]

1. Nf3 Nf6 2. g3 g6 3. Bg2 Bg7 4. O-O O-O 5. c4 d5 6. cxd5 Nxd5 7. Nc3 Nc6 8.
Qc2 Nb6 9. d3 Bg4 10. Be3 e5 11. Ne4 Nd4 12. Nxd4 exd4 13. Bg5 f6 14. Bf4 Nd5
15. h3 Nxf4 16. gxf4 Bc8 17. Rac1 c6 18. Kh2 Qe7 19. Qc5 Qxc5 20. Rxc5 Be6 21.
Nd6 Rab8 22. b3 Rfd8 23. Ne4 Bd5 24. Rfc1 b6 25. R5c2 c5 26. Nd2 Bh6 27. Bxd5+
Rxd5 28. Kg3 Rf5 29. e3 dxe3 30. fxe3 Rd8 31. Rc3 Rfd5 32. Ne4 Bg7 33. Nf2 f5
34. R3c2 Re8 35. Kf3 Rd7 36. Re2 Rde7 1/2-1/2

[Event "2023 IBCA European Team Championship for the Blind and Visually Impaired"]
[Site "Genoa, Italy"]
[Date "2023.04.23"]
[Round "4"]
[White "Dobierzin, Olaf"]
[Black "Stimec, Marjan"]
[Result "0-1"]
[Time "15:00:00"]
[UTCTime "13:00:00"]
[UTCDate "2023.04.23"]
[Board "4.3"]
[WhiteTeam "Germany"]
[BlackTeam "Slovenia"]
[WhiteCountry "GER"]
[BlackCountry "SLO"]
[WhiteTitle "-"]
[BlackTitle "-"]
[WhiteElo "1935"]
[BlackElo "1771"]
[TimeControl "5400+30"]
[Opening "Sicilian"]
[Variation "Najdorf, Opovcensky variation"]
[ECO "B92"]
[PlyCount "136"]
[EventDate "2023.04.20"]
[EventType "team"]
[EventRounds "9"]
[EventCountry "ITA"]
[Annotator "Vrioni, Bersan"]

1. e4 c5 2. Nf3 d6 3. d4 cxd4 4. Nxd4 Nf6 5. Nc3 a6 6. Be2 e6 7. O-O Be7 8. Be3
O-O 9. f4 Qc7 10. a4 Nc6 11. Nb3 b6 12. Bf3 Bb7 13. Qd2 Rac8 14. Rad1 Rfd8 15.
Qf2 Nd7 16. Qg3 Bf6 17. Nd4 Nxd4 18. Bxd4 Bxd4+ 19. Rxd4 Qc5 20. Qf2 e5 21. Rd2
Qxf2+ 22. Kxf2 exf4 23. Rxd6 Ne5 24. Rxb6 Ba8 25. Rd1 Nc4 26. Rxd8+ Rxd8 27. Rb4
Ne3 28. Nd5 Bxd5 29. exd5 g5 30. Rd4 Nxc2 31. Rd2 Ne3 32. Be2 Rd6 33. g3 Kg7 34.
gxf4 gxf4 35. Kf3 Kf6 36. Kxf4 Nxd5+ 37. Kf3 Ke5 38. Bc4 Rf6+ 39. Kg3 Ne3 40.
Be2 h5 41. Rd8 h4+ 42. Kxh4 Rf2 43. Bxa6 Rxh2+ 44. Kg3 Rxb2 45. Re8+ Kd4 46. Rf8
Nf5+ 47. Kf3 Nd6 48. Rd8 Ke5 49. Bd3 Rb3 50. Ke2 Ra3 51. Bc2 f5 52. Rd7 f4 53.
Re7+ Kd4 54. Rd7 Kc5 55. Rc7+ Kd5 56. Kf2 Ke6 57. Rc6 Kd5 58. Rc7 Nc4 59. Be4+
Kd4 60. Bc6 Ne5 61. Bb5 Ra2+ 62. Kf1 f3 63. Re7 Ng4 64. Rd7+ Ke3 65. Re7+ Kf4
66. Kg1 Kg3 67. Kf1 Ra1+ 68. Re1 Nh2+ 0-1

[Event "2023 IBCA European Team Championship for the Blind and Visually Impaired"]
[Site "Genoa, Italy"]
[Date "2023.04.23"]
[Round "4"]
[White "Muri, Emil"]
[Black "Dyballa, Gerhard"]
[Result "1/2-1/2"]
[Time "15:00:00"]
[UTCTime "13:00:00"]
[UTCDate "2023.04.23"]
[Board "4.4"]
[WhiteTeam "Slovenia"]
[BlackTeam "Germany"]
[WhiteCountry "SLO"]
[BlackCountry "GER"]
[WhiteTitle "-"]
[BlackTitle "-"]
[WhiteElo "1799"]
[BlackElo "1912"]
[TimeControl "5400+30"]
[Opening "French"]
[Variation "Reti (Spielmann) variation"]
[ECO "C00"]
[PlyCount "131"]
[EventDate "2023.04.20"]
[EventType "team"]
[EventRounds "9"]
[EventCountry "ITA"]
[Annotator "Vrioni, Bersan"]

1. e4 e6 2. b3 d5 3. Bb2 dxe4 4. Nc3 Nf6 5. Qe2 Be7 6. Nxe4 Nxe4 7. Qxe4 Bf6 8.
c3 O-O 9. O-O-O Qd5 10. Bd3 Qxe4 11. Bxe4 c5 12. Nf3 Nc6 13. Ba3 Rd8 14. Bxc5
Bd7 15. Be3 b6 16. Bg5 Bxg5 17. Nxg5 h6 18. Nf3 Rac8 19. Kb2 f5 20. Bb1 e5 21.
d4 e4 22. Nd2 Re8 23. Rhe1 Re7 24. Nc4 b5 25. Ne3 Rce8 26. Nd5 Rf7 27. Nc7 Rb8
28. Nd5 Rd8 29. Ne3 Re8 30. Nf1 Rfe7 31. Ng3 Rf7 32. a3 Rfe7 33. b4 Kh8 34. Nf1
g6 35. Ne3 Rf8 36. Nd5 Ree8 37. Nc7 Rb8 38. Na6 Rbe8 39. Nc5 Bc8 40. Ba2 Nb8 41.
Bb3 Nd7 42. Ne6 Rf6 43. Nc7 Ref8 44. Nxb5 a6 45. Nc7 Nb6 46. Nd5 Nxd5 47. Bxd5
Kg7 48. Bb3 Re8 49. d5 f4 50. c4 e3 51. f3 g5 52. c5 g4 53. d6 gxf3 54. gxf3 Bd7
55. Bd5 Ba4 56. Bb3 Bd7 57. Rd4 Re5 58. Bd5 Rg6 59. Re2 Bb5 60. Bc4 Bxc4 61.
Rxc4 Rd5 62. Rcc2 Kf7 63. a4 Rg8 64. Kc3 a5 65. Rg2 Rc8 66. Kc4 1/2-1/2

[Event "2023 IBCA European Team Championship for the Blind and Visually Impaired"]
[Site "Genoa, Italy"]
[Date "2023.04.23"]
[Round "4"]
[White "Vrioni, Bersan"]
[Black "Dima, Mihai"]
[Result "1/2-1/2"]
[Time "15:00:00"]
[UTCTime "13:00:00"]
[UTCDate "2023.04.23"]
[Board "5.2"]
[WhiteTeam "Italy"]
[BlackTeam "Romania"]
[WhiteCountry "ITA"]
[BlackCountry "ROU"]
[WhiteTitle "-"]
[BlackTitle "-"]
[WhiteElo "1910"]
[BlackElo "1944"]
[TimeControl "5400+30"]
[Opening "Sicilian"]
[Variation "closed"]
[ECO "B23"]
[PlyCount "30"]
[EventDate "2023.04.20"]
[EventType "team"]
[EventRounds "9"]
[EventCountry "ITA"]
[Annotator "Vrioni, Bersan"]

1. e4 c5 2. Nc3 g6 3. f4 Bg7 4. Nf3 Nc6 5. Bb5 Nd4 6. Nxd4 cxd4 7. Ne2 e6 8. O-O
Ne7 9. Ba4 O-O 10. d3 a6 11. Bb3 b5 12. a4 Bb7 13. Qe1 Kh8 14. Qf2 Nc6 15. Bd2
f5 1/2-1/2

[Event "2023 IBCA European Team Championship for the Blind and Visually Impaired"]
[Site "Genoa, Italy"]
[Date "2023.04.23"]
[Round "4"]
[White "Morariu, Ionel"]
[Black "Badano, Giancarlo"]
[Result "1-0"]
[Time "15:00:00"]
[UTCTime "13:00:00"]
[UTCDate "2023.04.23"]
[Board "5.3"]
[WhiteTeam "Romania"]
[BlackTeam "Italy"]
[WhiteCountry "ROU"]
[BlackCountry "ITA"]
[WhiteTitle "-"]
[BlackTitle "-"]
[WhiteElo "1914"]
[BlackElo "1742"]
[TimeControl "5400+30"]
[Opening "Giuoco piano"]
[ECO "C53"]
[PlyCount "81"]
[EventDate "2023.04.20"]
[EventType "team"]
[EventRounds "9"]
[EventCountry "ITA"]
[Annotator "Vrioni, Bersan"]

1. e4 e5 2. Nf3 Nc6 3. Bc4 Bc5 4. c3 Nf6 5. d4 exd4 6. e5 Ne4 7. O-O O-O 8. Bd5
Nxf2 9. Rxf2 dxc3 10. Nxc3 Bxf2+ 11. Kxf2 d6 12. exd6 cxd6 13. Be3 Be6 14. Qb3
Qd7 15. Kg1 Bxd5 16. Nxd5 Ne5 17. Ng5 h6 18. Ne4 Qe6 19. Re1 Kh8 20. Bd4 b6 21.
Bc3 f6 22. Qd1 Rac8 23. Nf4 Qf5 24. Nd5 Qg4 25. Qxg4 Nxg4 26. Ne7 d5 27. Nxc8
Rxc8 28. Nd6 Rc6 29. Nb5 a6 30. Nd4 Rd6 31. Re8+ Kh7 32. h3 Ne5 33. Nf5 Rc6 34.
Re7 Kg6 35. g4 Kh7 36. Rxg7+ Kh8 37. Re7 Ng6 38. Rf7 Ne5 39. Rxf6 d4 40. Rxc6
Nxc6 41. Nxd4 1-0

[Event "2023 IBCA European Team Championship for the Blind and Visually Impaired"]
[Site "Genoa, Italy"]
[Date "2023.04.23"]
[Round "4"]
[White "Pezzolato, Erica"]
[Black "Bursuc, Mihai"]
[Result "0-1"]
[Time "15:00:00"]
[UTCTime "13:00:00"]
[UTCDate "2023.04.23"]
[Board "5.4"]
[WhiteTeam "Italy"]
[BlackTeam "Romania"]
[WhiteCountry "ITA"]
[BlackCountry "ROU"]
[WhiteTitle "-"]
[BlackTitle "-"]
[WhiteElo "1453"]
[BlackElo "1808"]
[TimeControl "5400+30"]
[Opening "English opening"]
[ECO "A15"]
[PlyCount "71"]
[EventDate "2023.04.20"]
[EventType "team"]
[EventRounds "9"]
[EventCountry "ITA"]
[Annotator "Vrioni, Bersan"]

1. c4 Nf6 2. Nf3 g6 3. g3 Bg7 4. Bg2 O-O 5. O-O d6 6. Nc3 e5 7. d3 h6 8. Bd2 Nc6
9. Qc1 Kh7 10. a3 a5 11. Rb1 Be6 12. b4 axb4 13. axb4 Qc8 14. b5 Ne7 15. Be3 Bh3
16. Ra1 Rxa1 17. Qxa1 Bxg2 18. Kxg2 e4 19. Nd2 exd3 20. exd3 Ng4 21. Qc1 Qf5 22.
Nde4 Qe6 23. Re1 Ne5 24. Qc2 f5 25. Nd2 Qf7 26. Nf3 c6 27. Nxe5 dxe5 28. Bc5 Rc8
29. bxc6 Nxc6 30. Nd5 Nd8 31. Bd6 Qxd5+ 32. cxd5 Rxc2 33. Bxe5 Rc5 34. d6 Rxe5
35. Rxe5 Bxe5 36. d7 0-1

[Event "2023 IBCA European Team Championship for the Blind and Visually Impaired"]
[Site "Genoa, Italy"]
[Date "2023.04.23"]
[Round "4"]
[White "Kolpakov, Vladyslav"]
[Black "Thevenet, Yann"]
[Result "1-0"]
[Time "15:00:00"]
[UTCTime "13:00:00"]
[UTCDate "2023.04.23"]
[Board "6.1"]
[WhiteTeam "Ukraine"]
[BlackTeam "France"]
[WhiteCountry "UKR"]
[BlackCountry "FRA"]
[WhiteTitle "-"]
[BlackTitle "-"]
[WhiteElo "2248"]
[BlackElo "1960"]
[TimeControl "5400+30"]
[Opening "Ruy Lopez"]
[Variation "Schliemann defence, Berger variation"]
[ECO "C63"]
[PlyCount "53"]
[EventDate "2023.04.20"]
[EventType "team"]
[EventRounds "9"]
[EventCountry "ITA"]
[Annotator "Vrioni, Bersan"]

1. e4 e5 2. Nf3 Nc6 3. Bb5 f5 4. Nc3 Nf6 5. exf5 e4 6. Nh4 Qe7 7. O-O g5 8. fxg6
Qg7 9. Re1 d5 10. d3 Bg4 11. Bxc6+ bxc6 12. f3 hxg6 13. fxg4 Rxh4 14. Bg5 Rh8
15. h3 O-O-O 16. dxe4 Bc5+ 17. Kh1 dxe4 18. Qe2 e3 19. Bxe3 Bxe3 20. Qxe3 Kb8
21. Qg3 Rd2 22. Na4 Nd5 23. Qb3+ Ka8 24. Nc5 Nb6 25. Rad1 Rxd1 26. Rxd1 Re8 27.
Qe6 1-0

[Event "2023 IBCA European Team Championship for the Blind and Visually Impaired"]
[Site "Genoa, Italy"]
[Date "2023.04.23"]
[Round "4"]
[White "Deville, Olivier"]
[Black "Shepelev, Igor"]
[Result "0-1"]
[Time "15:00:00"]
[UTCTime "13:00:00"]
[UTCDate "2023.04.23"]
[Board "6.2"]
[WhiteTeam "France"]
[BlackTeam "Ukraine"]
[WhiteCountry "FRA"]
[BlackCountry "UKR"]
[WhiteTitle "-"]
[BlackTitle "-"]
[WhiteElo "1770"]
[BlackElo "2076"]
[TimeControl "5400+30"]
[Opening "Sicilian"]
[Variation "Najdorf, 6.f4"]
[ECO "B93"]
[PlyCount "95"]
[EventDate "2023.04.20"]
[EventType "team"]
[EventRounds "9"]
[EventCountry "ITA"]
[Annotator "Vrioni, Bersan"]

1. e4 c5 2. Nf3 d6 3. d4 cxd4 4. Nxd4 Nf6 5. Nc3 a6 6. f4 Nbd7 7. Bd3 e5 8. Nf3
b5 9. a3 Bb7 10. O-O Be7 11. Kh1 Rc8 12. Qe1 O-O 13. fxe5 dxe5 14. Qg3 Qc7 15.
Nh4 Nh5 16. Qh3 g6 17. Nf5 gxf5 18. Qxh5 f4 19. Nd5 Qd6 20. Nxe7+ Qxe7 21. Bd2
Qe6 22. Bc3 f6 23. Bb4 Rf7 24. b3 Nc5 25. Bxc5 Rxc5 26. Rxf4 Rg7 27. Rf5 Rg6 28.
Qf3 Kg7 29. a4 b4 30. h3 a5 31. Rf1 Ba6 32. Qe3 Rc7 33. R5f2 Bxd3 34. Qxd3 Qc6
35. Rd1 h6 36. Qd5 Qc5 37. Qxc5 Rxc5 38. Kh2 Kf7 39. Rd6 Ke7 40. Ra6 Rg7 41.
Raxf6 Rxc2 42. Rxc2 Kxf6 43. Rc5 Ra7 44. Kg3 Ra6 45. Kg4 Ke6 46. Kh5 Kd6 47.
Rd5+ Ke6 48. Kxh6 0-1